 Dungeon Crawl Stone Soup version 0.27-a0-1332-g84bddb5ca7 (webtiles) character file.

Game seed: 900841014839452150

2471 freelancePsychic the Magician (level 9, -1/60 HPs)
             Began as a Djinni Wanderer on June 25, 2021.
             Was an Elder of Hepliaklqana.
             Killed by divine providence
             ... invoked by an orc priest
              (13 damage)
             ... on level 7 of the Dungeon.
             The game lasted 00:17:19 (8547 turns).

freelancePsychic the Magician (Djinni Wanderer)     Turns: 8547, Time: 00:17:20

Health: -1/60      AC:  4    Str: 13    XL:     9   Next: 80%
Gold:   469        EV: 11    Int: 17    God:    Hepliaklqana [****..] SH:  0 Dex: 11

rFire    + + .     SeeInvis +   z - +11 scimitar "Beastbane" {drain, Stlth+}
rCold    x . .     Faith    .   (no shield)
rNeg     . . .     Spirit   .   u - +1 robe {Archmagi}
rPois    ∞         Reflect  .   (no helmet)
rElec    .         Harm     .   x - +0 cloak
rCorr    .         Rampage  .   (no gloves)
Will     +....                  (boots unavailable)
Stlth    ++........             (no amulet)
HPRegen  0.20/turn              g - ring of see invisible
MPRegen  0.00/turn              y - ring of willpower

@: flying
A: reduced essence, sickness immunity, fire resistance 2, cold vulnerability 1,
float, innate caster, hp casting, extra vitality 1
a: Renounce Religion, Recall Ancestor, Ancestor Identity, Transference, Idealise


You were on level 7 of the Dungeon.
You worshipped Hepliaklqana.
Hepliaklqana was greatly pleased with you.
You visited 1 branch of the dungeon, and saw 7 of its levels.

You collected 469 gold pieces.

Inventory:

Hand Weapons
 a - a +2 mace
 e - a +3 double sword of freezing
 i - a +2 dagger of venom
 z - the +11 scimitar "Beastbane" (weapon) {drain, Stlth+}
   (You found it on level 6 of the Dungeon)

   A truly terrible weapon, it drains the life of those it strikes.
   It makes you more stealthy.
Missiles
 c - 28 poisoned darts
 w - 5 curare-tipped darts
Armour
 u - a +1 robe of the Archmagi (worn)
 x - a +0 cloak (worn)
Magical Staves
 m - a staff of cold
Jewellery
 g - a ring of see invisible (left hand)
 y - a ring of willpower (right hand)
Wands
 j - a wand of mindburst (19)
 v - a wand of polymorph (7)
Scrolls
 h - a scroll of blinking
 o - a scroll of magic mapping
 r - a scroll of teleportation {unknown}
 s - a scroll of holy word {unknown}
 t - a scroll of fog {unknown}
 C - a scroll of fear {unknown}
Potions
 d - a potion of curing {@q1}
 f - a potion of haste {@q3}
 k - a potion of might {unknown}
 l - 2 potions of flight {unknown}
 n - a potion of invisibility {unknown}
 p - 2 potions of heal wounds {unknown}
 q - a potion of ambrosia {unknown}
 A - a potion of degeneration {unknown}
 B - a potion of lignification {unknown}


   Skills:
 + Level 6.5 Fighting
 - Level 0.1(0.2) Short Blades
 - Level 0.4 Long Blades
 - Level 1.0(1.4) Axes
 - Level 1.5(1.7) Maces & Flails
 - Level 1.5 Throwing
 - Level 3.0 Armour
 * Level 7.2 Spellcasting
 + Level 4.9 Invocations


You had 4 spell levels left.
You knew the following spells:

 Your Spells              Type           Power      Damage    Failure   Level
a - Sting                 Tmut/Pois      100%       1d8       1%          1
b - Poisonous Vapours     Pois/Air       92%        N/A       1%          2
c - Ignite Poison         Fire/Tmut/Pois 46%        N/A       1%          3
d - Conjure Flame         Conj/Fire      46%        6-21      1%          3
e - Freeze                Ice            100%       1d11      1%          1
f - Foxfire               Conj/Fire      100%       2x1d9     1%          1
g - Ozocubu's Armour      Ice            46%        N/A       1%          3
h - Iskenderun's Mystic   Conj/Tloc      46%        2d10      6%          4

Your spell library contained the following spells:

 Spells                   Type           Power      Damage    Failure   Level


Dungeon Overview and Level Annotations

Branches:
Dungeon (7/15)             Temple (0/1) D:6

Altars:
Hepliaklqana


Innate Abilities, Weirdness & Mutations

Your life essence is reduced to manifest your ancestor. (-10% HP)
You are immune to sickness and miasma.
You are immune to poison.
Your flesh is very heat resistant. (rF++)
You are vulnerable to cold. (rC-)
You float through the air rather than walking.
You learn spells naturally, not from books.
Your magical power is your life essence.
You have superior vitality. (+4 HP)


Message History

Jeanie hits the orc with a +0 flail.
The orc hits Jeanie but does no damage.
An orc comes into view. It is wielding a +0 dagger.
The orc shouts!
The orc throws a boomerang.
The boomerang hits you.
Jeanie hits the orc with a +0 flail!
The orc dies!
Something misses Jeanie.
Found a stone staircase leading down.
You hit the orc.
The orc is severely wounded.
The orc hits you but does no damage.
The orc throws a boomerang.
The boomerang closely misses you.
You slash the orc!
You kill the orc!
An orc priest comes into view. It is wielding a +0 mace.
The orc priest shouts!
Casting: Iskenderun's Mystic Blast (dangerous; 6% risk of failure)
Confirm with . or Enter, or press ? or * to list all spells.
You feel a surge of power!
You erupt in a blast of force!
The mystic blast hits the orc priest.
The orc priest is moderately wounded.
The orc priest is knocked back by the mystic blast.
The mystic blast hits the orc!
You kill the orc!
Jeanie avoids your attack.
Jeanie blocks the wight's attack.
A wight comes into view. It is wielding a +0 falchion.
The wight hits you from afar with a +0 halberd!
* * * LOW HITPOINT WARNING * * *
Jeanie hits the wight with a +0 flail!
The orc priest calls down the wrath of Beogh upon you.
Beogh smites you!
* * * LOW HITPOINT WARNING * * *
You see here a +0 club.
You feel better.
The wight hits Jeanie with a +0 halberd!
Jeanie hits the wight with a +0 flail.
The wight is destroyed!
The orc priest invokes the aid of Beogh against you.
Beogh smites you!
You die...

... ##.. ##.z#
##..) ##. #.).#
...^ #.o.# ..(.>
#.o)#......
+.R))).....
#.@##......
#...)......
########.###......
#........# .....
#..#.#.####... ....
##+### #.#.....(#
##.# ......
#.#.###..# . ##.###
##........#
#.######....####...


You could see the friendly Jeanie the knight, a wight and 2 orc priests.

Vanquished Creatures
  Sigmund (D:3)
  A water moccasin (D:6)
  An ice beast (D:6)
  A sky beast (D:5)
  A black bear (D:6)
  An ogre (D:6)
  A necrophage (D:7)
  A scorpion (D:5)
  2 wights (D:6)
  A centaur zombie (D:5)
  A bullfrog zombie (D:6)
  2 jellies
  Crazy Yiuf (D:5)
  3 orc priests
  A hound (D:6)
  A centaur skeleton (D:6)
  2 iguanas
  Ijyb (D:3)
  2 orc wizards
  A killer bee zombie (D:6)
  7 gnolls
  5 adders
  2 ufetubi
  An adder skeleton (D:4)
  2 worms
  2 dart slugs
  10 orcs
  A bat (D:1)
  4 endoplasms
  3 giant cockroaches (D:1)
  7 goblins
  8 hobgoblins
  10 jackals
  7 ball pythons
  3 frilled lizards
  9 kobolds
  5 rats
112 creatures vanquished.

Vanquished Creatures (collateral kills)
  2 water moccasins (D:6)
  2 sky beasts (D:5)
  4 wights
  2 centaur zombies
  Terence (D:3)
  A hound skeleton (D:5)
  3 adders
  A worm (D:2)
  4 orcs
  A ball python (D:3)
  4 endoplasms (D:2)
  3 goblins
  3 hobgoblins (D:2)
  2 jackals (D:5)
  2 bats
35 creatures vanquished.

Vanquished Creatures (others)
  2 ancestors (D:1)
  238 foxfires
  A plant (D:6)
241 creatures vanquished.

Grand Total: 388 creatures vanquished

Notes
Turn   | Place    | Note
-------+----------+-------------------------------------------
     0 | D:1      | freelancePsychic the Djinni Wanderer began the quest for
                  | the Orb.
     0 | D:1      | Reached XP level 1. HP: 18/18 MP: 0/0
   111 | D:1      | Found a faded altar of an unknown god.
   120 | D:1      | Became a worshipper of Hepliaklqana the Forgotten
   120 | D:1      | Reached * piety under Hepliaklqana
   584 | D:1      | Reached skill level 1 in Spellcasting
   584 | D:1      | Reached XP level 2. HP: 15/20 MP: 0/0
  1649 | D:2      | Reached ** piety under Hepliaklqana
  1650 | D:2      | Remembered your ancestor Jeanie as a knight
  1653 | D:2      | Reached XP level 3. HP: 24/25 MP: 0/0
  1653 | D:2      | Learned a level 1 spell: Freeze
  1756 | D:2      | Reached skill level 2 in Spellcasting
  2014 | D:2      | Reached XP level 4. HP: 26/29 MP: 0/0
  2854 | D:2      | Identified a scroll of acquirement
  2854 | D:2      | Acquired a +3 double sword of freezing
  3225 | D:3      | Noticed Terence
  3229 | D:3      | Killed Terence
  3230 | D:3      | Reached XP level 5. HP: 31/35 MP: 0/0
  3230 | D:3      | Learned a level 2 spell: Poisonous Vapours
  3357 | D:3      | Noticed Sigmund
  3366 | D:3      | Killed Sigmund
  3367 | D:3      | Reached skill level 3 in Spellcasting
  3367 | D:3      | Reached XP level 6. HP: 25/41 MP: 0/0
  3557 | D:3      | Noticed Ijyb
  3564 | D:3      | Killed Ijyb
  3878 | D:3      | Reached skill level 4 in Spellcasting
  4245 | D:3      | Reached XP level 7. HP: 16/45 MP: 0/0
  4245 | D:3      | Learned a level 3 spell: Ozocubu's Armour
  4831 | D:4      | Reached *** piety under Hepliaklqana
  5679 | D:5      | Entered Level 5 of the Dungeon
  5872 | D:5      | Reached skill level 1 in Invocations
  6077 | D:5      | Found a runed translucent door.
  6078 | D:5      | Noticed Crazy Yiuf
  6174 | D:5      | Reached skill level 5 in Spellcasting
  6174 | D:5      | Reached XP level 8. HP: 52/52 MP: 0/0
  7115 | D:5      | Killed Crazy Yiuf
  7247 | D:6      | Reached skill level 5 in Fighting
  7520 | D:6      | Identified the +7 trident of Avia {flame, rPois}
  7556 | D:6      | Identified the +11 scimitar "Beastbane" {drain, Stlth+}
  7714 | D:6      | Reached skill level 6 in Spellcasting
  7754 | D:6      | Reached XP level 9. HP: 50/58 MP: 0/0
  7754 | D:6      | Learned a level 4 spell: Iskenderun's Mystic Blast
  8073 | D:6      | Reached skill level 7 in Spellcasting
  8159 | D:6      | Reached **** piety under Hepliaklqana
  8190 | D:6      | Found a staircase to the Ecumenical Temple.
  8546 | D:7      | HP: 1/60 [orc priest/divine providence (13)]
  8547 | D:7      | Killed from afar by an orc priest

Illustrated notes

Levels and vault maps discovered:
D:1:      dpeg_arrival_arbitrary_c, layout_basic, shapermc_ecumenical_altar_gd,
          serial_park_tiny_2
D:2:      layout_basic, minmay_unequal
D:3:      layout_rooms, minmay_fractal_squares_gapless_5, uniq_ijyb,
          uniq_sigmund, uniq_terence
D:4:      layout_cave_pools, chequers_serial_rivers_room_b
D:5:      layout_loops_ring, chequers_serial_rivers_micro_a,
          amcnicky_mini_rare_corridor_liquid, minmay_starry_boxes,
          uniq_crazy_yiuf_cottage
D:6:      layout_cave_pools, minmay_temple_entry_gardened_gates
D:7:      minmay_the_grid_octo_tiled_squarecenter [minmay_the_grid_octo_toaster,
          minmay_the_grid_octo_thin_diamonds, minmay_the_grid_octo_clover,
          minmay_the_grid_octo_tetromino_candy,
          minmay_the_grid_square_5x5_megaprize_checkered,
          minmay_the_grid_square_5x5_three_small,
          minmay_the_grid_square_5x5_beaten_path,
          minmay_the_grid_square_5x5_seven, minmay_the_grid_square_5x5_empty],
          layout_rooms, lemuel_tele_altar

Skill      XL: |  1  2  3  4  5  6  7  8  9 |
---------------+----------------------------+-----
Spellcasting   | 1 2 3 4 5 6 7 |  7.2
Fighting       | 3 4 5 6 |  6.5
Invocations    | 1 3 4 |  4.9
Short Blades   | |  0.1
Long Blades    | |  0.4
Axes           | |  1.0
Maces & Flails | |  1.5
Throwing       | |  1.5
Armour         | |  3.0

Action                   |  1- 3 |  4- 6 |  7- 9 || total
-------------------------+-------+-------+-------++-------
Melee: Mace              |    18 |     2 |       ||    20
       Dagger            |       |    16 |    11 ||    27
       Scimitar          |       |       |     6 ||     6
 Cast: Foxfire           |     1 |     6 |   134 ||   141
       Sting             |    36 |    36 |    13 ||    85
       Poisonous Vapours |       |    31 |    28 ||    59
       Ignite Poison     |       |    10 |    18 ||    28
       Conjure Flame     |       |       |     1 ||     1
       Ozocubu's Armour  |       |       |     1 ||     1
       Iskenderun's Myst |       |       |    14 ||    14
Invok: Ancestor Identity |     2 |       |       ||     2
       Ancestor Life: Kn |     1 |       |       ||     1
       Recall Ancestor   |       |       |     1 ||     1
  Use: Scroll            |       |     6 |     4 ||    10
       Potion            |       |       |     1 ||     1
 Stab: Sleeping          |     1 |       |       ||     1
       Distracted        |       |       |     1 ||     1
Armor: Robe              |     6 |     6 |    13 ||    25
Dodge: Dodged            |    13 |    27 |    17 ||    57

Table legend: (Time is in decaauts)
 A = Elapsed time spent in this place.
 B = Non-inter-level travel time spent in this place.
 C = Inter-level travel time spent in this place.
 D = Time resting spent in this place.
 E = Time spent auto-exploring this place.
 F = Levels seen in this place.
 G = Mean time per level.
                   A        B        C        D        E       F      G
               +--------+--------+--------+--------+--------+-----+--------+
         Total |   8553 |   8370 |    183 |    309 |   7184 |   7 | 1221.9 |
       Dungeon |   8553 |   8370 |    183 |    309 |   7184 |   7 | 1221.9 |
               +--------+--------+--------+--------+--------+-----+--------+

Top non-repeatable levels by time:
     D:1: 1654 daAuts
     D:2: 1643 daAuts
     D:3: 1535 daAuts
     D:5: 1521 daAuts
     D:6: 1190 daAuts
     D:4: 851 daAuts
     D:7: 156 daAuts
